[Event "*** Qualifier 3: Titled Tuesday 3|2 Blitz"]
[Site "Chess.com"]
[Date "2017.04.18"]
[Round "7"]
[White "Gabix_94"]
[Black "GamayevOleg"]
[Result "1-0"]
[WhiteElo "2528"]
[BlackElo "2408"]
[TimeControl "180+2"]
[EndTime "14:34:45 PDT"]
[Termination "Gabix_94 won by resignation"]

1. e4 d6 2. d4 Nf6 3. Nc3 e5 4.
Nf3 exd4 5. Qxd4 Nc6 6. Bb5 Bd7 7. Bxc6 Bxc6 8. Bg5 Be7 9. O-O-O O-O 10. Rhe1 h6 11.
Bh4 Ng4 12. Bxe7 Qxe7 13. Kb1 Ne5 14. Nd2 Qf6 15. h3 Nd7 16. Qe3 Rfe8 17. Nb3 a5 18. Nd4 Rab8 19. g4 Ne5 20. f4 Nc4 21. Qd3 Nb6 22. Rf1 Na4 23. Nxa4 Bxa4 24. g5 hxg5 25. fxg5 Qg6 26. Nf5 Bd7 27. h4 Re5 28. h5 Qe6 29. g6 Rxe4 30. gxf7+ Kf8 31. Qg3 Qe5 32. Qg6 Bxf5 33.
Rxf5 Re1 34. Rf1 Rxd1+ 35. Rxd1 Qf6 36. Qg2 Rd8 37. a3 Rd7 38. Rf1 Qe6 39. h6 Qxh6 40.
Qxb7 Rd8 41. Qxc7 Ra8 42. Qd7 Rb8 43. Re1 1-0

[Event "*** Qualifier 3: Titled Tuesday 3|2 Blitz"]
[Site "Chess.com"]
[Date "2017.04.18"]
[Round "7"]
[White "Bugcrusher"]
[Black "amazingoid"]
[Result "0-1"]
[WhiteElo "2483"]
[BlackElo "2379"]
[TimeControl "180+2"]
[EndTime "14:34:47 PDT"]
[Termination "amazingoid won by resignation"]

1. d4 Nf6 2. Nf3 e6 3. c4 Nc6 4. a3 d6 5. Nc3 g6 6. g3 Bg7 7. Bg2 O-O 8. O-O e5 9. d5 Ne7 10. e4 Nd7 11. Ne1 f5 12. Nd3 a5 13.
f4 Nc5 14. Nxc5 dxc5 15. Be3 b6 16. Qd2 Ba6 17. b3 Nc8 18. Rad1 Nd6 19. Kh1 a4 20. Nxa4 Bxc4 21. bxc4 Rxa4 22. exf5 Rxa3 23. fxg6 Nxc4 24.
gxh7+ Kh8 25. Qc1 Nxe3 26. Qxa3 Nxd1 27. Rxd1 exf4 28. gxf4 Rxf4 29. Qh3 Rh4 30. Qf5 Qd6 31. h3 Rf4 32. Qh5 Qe5 33. Qg6 Rf6 34. Qg4 Qf4 35. Qh5 Rf5 36. Qe8+ Rf8 37. Qe6 Be5 0-1

[Event "*** Qualifier 3: Titled Tuesday 3|2 Blitz"]
[Site "Chess.com"]
[Date "2017.04.18"]
[Round "7"]
[White "juniortay"]
[Black "Wolverine_master"]
[Result "0-1"]
[WhiteElo "2215"]
[BlackElo "1970"]
[TimeControl "180+2"]
[EndTime "14:34:48 PDT"]
[Termination "Wolverine_master won by resignation"]

1. e4 d5 2. exd5 Qxd5 3. Nc3 Qd6 4.
d4 Nf6 5. Nf3 a6 6. g3 Nc6 7.
Bf4 Qb4 8. Qd2 Bg4 9. Bg2 O-O-O 10. O-O Nxd4 11. Nxd4 Qxd4 12. Qc1 e5 13. Be3 Qc4 14. a4 Bc5 15. a5 Bxe3 16. Qxe3 Qd4 17. Qg5 Rhg8 18.
Ra4 Qd7 19. Qxe5 Qf5 20. Qe3 Kb8 21. Rb4 Qxa5 22. Rxb7+ Kc8 23. Ra7 Rge8 24. Ra8+ Kd7 25. Rxd8+ Rxd8 26. Re1 Be6 27. Rd1+ Ke7 28. Rxd8 Kxd8 29.
h3 Qa1+ 30. Kh2 Qxb2 31. Qc5 Qb6 32. Qf8+ Ne8 33. Ne4 h6 34. Qa3 Nd6 35. Nc5 Nb5 36. Qb4 a5 37. Qd4+ Nxd4 0-1

[Event "*** Qualifier 3: Titled Tuesday 3|2 Blitz"]
[Site "Chess.com"]
[Date "2017.04.18"]
[Round "7"]
[White "Grootneus"]
[Black "DavidMarkosyan"]
[Result "0-1"]
[WhiteElo "2102"]
[BlackElo "2349"]
[TimeControl "180+2"]
[EndTime "14:34:55 PDT"]
[Termination "DavidMarkosyan won by resignation"]

1. e4 d6 2. d4 Nf6 3. Nc3 e5 4.
dxe5 dxe5 5. Qxd8+ Kxd8 6. Bc4 Be6 7. Bxe6 fxe6 8. Be3 Nbd7 9. f3 Bd6 10. O-O-O a6 11. Nge2 Ke7 12. h4 b5 13. h5 Rhb8 14.
g4 Rf8 15. g5 Ne8 16. Rhf1 g6 17. Ng3 Ng7 18. Rf2 Nxh5 19. Nxh5 gxh5 20. Rh1 Rf7 21. Rxh5 Raf8 22. Rh3 Bc5 23. Bxc5+ Nxc5 24. b4 Nd7 25. Kd2 Rg8 26. Rg2 Nf8 27. Ke3 Ng6 28. Rgh2 Rgg7 29. a4 c6 30. axb5 axb5 31. Rh1 Nf4 32. Rg3 Rg6 33. Ra1 Rfg7 34. Ra6 Kd6 35. Nxb5+ Kd7 36. Ra7+ Kd8 37. Rxg7 Rxg7 38. Nd6 Kc7 39. Nc4 Ng6 40. Rg2 Nf4 41. Rg4 Ng6 42. Rg2 Nf4 43. Rg3 Ng6 44. Rg1 Kb7 45. c3 Rg8 46. Rd1 Kc7 47. Rd6 Nf4 48. Rd1 Rxg5 49. Rh1 h5 50. Rh4 Ng2+ 0-1

[Event "*** Qualifier 3: Titled Tuesday 3|2 Blitz"]
[Site "Chess.com"]
[Date "2017.04.18"]
[Round "7"]
[White "GulamaliRises"]
[Black "Konavets"]
[Result "0-1"]
[WhiteElo "2455"]
[BlackElo "2599"]
[TimeControl "180+2"]
[EndTime "14:35:02 PDT"]
[Termination "Konavets won by resignation"]

1. e4 c5 2. Nf3 d6 3. d4 cxd4 4.
Qxd4 Nf6 5. Nc3 Nfd7 6. Bg5 Nc6 7. Qd2 h6 8. Be3 g5 9. h4 g4 10. Nd4 Nde5 11. O-O-O Bg7 12. Be2 Be6 13. Nf5 Bxf5 14. exf5 Qa5 15. Kb1 Rc8 16. Nd5 Qa4 17. b3 Qa3 18. c4 Na5 19. Qb4 Qxb4 20. Nxb4 Nac6 21. Nd5 O-O 22. f6 exf6 23. Bf4 f5 24. Ne3 Ng6 25.
Bxd6 Rfe8 26. Bd3 f4 27. Nxg4 h5 28. Nh2 Rcd8 29. c5 Nb4 30. Bb5 Re4 31. Nf3 a6 32. Bc4 Bf6 33. Ng5 Bxg5 34. hxg5 h4 35. Bc7 Rc8 36. Rd7 Rxc4 37. bxc4 Nf8 38. Re7 Ng6 39. Rhe1 Nxe7 40. Rxe7 f3 41. gxf3 h3 42. Bd6 Nd3 43.
Kc2 Nxc5 44. Re1 Ne6 45. f4 Nxf4 46. c5 Ne6 47. Kd3 Nxc5+ 48. Kd4 Ne6+ 49. Kd5 Kg7 50. f4 Kg6 51. Ke5 Ng7 52. Rh1 Nf5 53. Bb4 Rc4 54.
Bd2 Rc2 0-1

[Event "*** Qualifier 3: Titled Tuesday 3|2 Blitz"]
[Site "Chess.com"]
[Date "2017.04.18"]
[Round "7"]
[White "JoachimBN"]
[Black "maciek_92"]
[Result "1-0"]
[WhiteElo "2658"]
[BlackElo "2540"]
[TimeControl "180+2"]
[EndTime "14:35:07 PDT"]
[Termination "JoachimBN won by resignation"]

1. c4 e5 2. Nc3 Nc6 3. Nf3 Nf6 4. e3 Bb4 5. Qc2 O-O 6. Nd5 Bc5 7.
Bd3 g6 8. a3 a5 9. b3 d6 10. Bb2 Nxd5 11. cxd5 Ne7 12. Nxe5 Nxd5 13. Nxg6 fxg6 14. Bc4 Be6 15. Qe4 Qd7 16. Bxd5 Rae8 17. O-O c6 18. Bxe6+ Rxe6 19. Qc4 h5 20. Qc3 Kh7 21.
Qxa5 b5 22. Qc3 Ba7 23. a4 b4 24. Qxb4 Qf7 25. Qc3 d5 26. a5 g5 27. a6 g4 28. Ba3 Rg8 29. Bc5 h4 30. Bxa7 Qxa7 31. b4 h3 32. g3 Reg6 33. Rfb1 Qf7 34. f4 gxf3 35. Kf2 Qc7 36. Qd4 Rg4 37. Qf6 R8g6 38. Qxf3 Qa7 39. Ke2 d4 40. e4 d3+ 41. Kxd3 Rd6+ 42.
Ke2 Qd4 43. d3 Rf6 44. Qe3 Qc3 45. Ra2 1-0

[Event "*** Qualifier 3: Titled Tuesday 3|2 Blitz"]
[Site "Chess.com"]
[Date "2017.04.18"]
[Round "7"]
[White "the_drake"]
[Black "FearNoEvil12"]
[Result "0-1"]
[WhiteElo "2194"]
[BlackElo "2125"]
[TimeControl "180+2"]
[EndTime "14:35:09 PDT"]
[Termination "FearNoEvil12 won by checkmate"]

1. e4 a6 2. d4 b5 3. a4 b4 4. a5 Bb7 5. f3 e6 6. Be3 Nf6 7. Qd2 d6 8. Bc4 Nbd7 9. Ne2 c5 10. O-O d5 11. exd5 exd5 12. Ba2 c4 13. Bg5 Be7 14. Ng3 O-O 15. Nf5 Re8 16. Re1 Bf8 17. Rxe8 Qxe8 18.
Bf4 Qe6 19. Ng3 Re8 20. Nf1 Qe1 21. Qf2 Re2 22. Qxe1 Rxe1 23. Kf2 Re6 24. Nbd2 Nh5 25. Bg3 f5 26. h4 f4 27. Bh2 g6 28. Re1 Rxe1 29.
Kxe1 Bg7 30. c3 b3 31. Bb1 Bf6 32. g3 fxg3 33. Nxg3 Bxh4 34. Nf1 Nxg3 35. Bxg3 Bd8 36. Ne3 Bxa5 37. f4 Kf7 38. f5 Bd8 39. fxg6+ hxg6 40. Kf2 a5 41. Kf3 Nf6 42. Bd6 a4 43. Kf4 Ne4 44.
Nxc4 dxc4 45. Bxe4 Bxe4 46. Kxe4 Be7 47. Kd5 Bxd6 48.
Kxc4 g5 49. Kd3 g4 50. c4 a3 51. bxa3 Bxa3 52. Kc3 b2 53. Kc2 g3 54. c5 Ke6 55.
Kb1 g2 56. d5+ Kxd5 57. Ka2 g1=Q 58. c6 b1=Q+ 59. Kxa3 Qa7# 0-1

[Event "*** Qualifier 3: Titled Tuesday 3|2 Blitz"]
[Site "Chess.com"]
[Date "2017.04.18"]
[Round "7"]
[White "silverback96"]
[Black "stefanodinn"]
[Result "0-1"]
[WhiteElo "2036"]
[BlackElo "2193"]
[TimeControl "180+2"]
[EndTime "14:35:13 PDT"]
[Termination "stefanodinn won by resignation"]

1. Nf3 Nf6 2. g3 b5 3. Bg2 Bb7 4. O-O c5 5. Na3 a6 6. c4 b4 7. Nc2 e6 8. d4 a5 9. d5 exd5 10.
Nh4 Be7 11. Nf5 O-O 12. Nce3 g6 13. Nxe7+ Qxe7 14. cxd5 d6 15. Nc4 Ba6 16. b3 Nbd7 17. Bg5 Kg7 18. Qc1 Rfe8 19. e4 Bxc4 20. bxc4 Kg8 21.
Re1 Qf8 22. Bh6 Qe7 23. f4 Ng4 24. Bg5 f6 25. Bh3 fxg5 26. Bxg4 gxf4 27. Be6+ Kg7 28. gxf4 Nf8 29. f5 Nxe6 30. fxe6 Qf6 31. Rf1 Qd4+ 32. Kh1 Qxe4+ 33. Kg1 Qd4+ 34. Kh1 Rf8 35. Qc2 Rae8 36. Rad1 Rxf1+ 37. Rxf1 Rf8 38. Rxf8 Kxf8 39. Qe2 Ke7 40. Kg2 a4 41. Qf3 Qf6 42. Qd1 a3 43. Qa4 Qb2+ 44.
Kg3 Qc3+ 45. Kg4 Qxc4+ 46. Kg3 Qd3+ 47. Kg2 Qxd5+ 48. Kg3 Kxe6 49. Qe8+ Kf5 50. Qf8+ Ke4 51. Qf3+ Kd4 52. Qf4+ Kc3 53. Qc1+ Kd4 54. Qf4+ Qe4 55. Qxd6+ Kc4 56. Qa6+ Kc3 57. Qf1 Qd3+ 58. Qxd3+ Kxd3 59. Kf4 c4 60. Kg5 b3 0-1

[Event "*** Qualifier 3: Titled Tuesday 3|2 Blitz"]
[Site "Chess.com"]
[Date "2017.04.18"]
[Round "7"]
[White "Malev212"]
[Black "penguingm1"]
[Result "1-0"]
[WhiteElo "2452"]
[BlackElo "2567"]
[TimeControl "180+2"]
[EndTime "14:35:18 PDT"]
[Termination "Malev212 won by checkmate"]

1. e4 e5 2. Nf3 Nc6 3. d4 exd4 4. Nxd4 Nf6 5. Nxc6 bxc6 6. e5 Qe7 7. Qe2 Nd5 8.
g3 a5 9. c4 Ba6 10. b3 a4 11.
Bg2 Nb6 12. Ba3 Qe6 13. Bxf8 Kxf8 14. O-O d5 15. f4 dxc4 16. f5 cxb3 17. fxe6 Bxe2 18.
Rxf7+ Kg8 19. Nc3 b2 20. Rb1 a3 21. Nxe2 Nc4 22. Nc3 Rc8 23. Re1 h5 24. Bxc6 Rh6 25. Rf4 Nb6 26. Bd7 Rb8 27. Nb1 Ra8 28. Rb4 Nd5 29.
Rb3 h4 30. Nxa3 hxg3 31. hxg3 Rg6 32. Nc4 Rxa2 33. Nxb2 Rg5 34. Bc6 Ne7 35. Bg2 Ra6 36. Bh3 Rh5 37. Kg2 g6 38. Re2 Kg7 39. Nd3 Rh8 40.
Rc3 Nd5 41. Rc5 Rd8 42. Nf4 Ne7 43. Rxc7 Kf8 44. Rf2 Ke8 45. Rxe7+ Kxe7 46. Nxg6+ Ke8 47. Rf8# 1-0

[Event "*** Qualifier 3: Titled Tuesday 3|2 Blitz"]
[Site "Chess.com"]
[Date "2017.04.18"]
[Round "7"]
[White "Drags95"]
[Black "GrigorGrigorov"]
[Result "0-1"]
[WhiteElo "2522"]
[BlackElo "2489"]
[TimeControl "180+2"]
[EndTime "14:35:19 PDT"]
[Termination "GrigorGrigorov won by resignation"]

1. e4 g6 2. d4 Bg7 3. Nc3 c6 4.
h4 d5 5. e5 h5 6. Bg5 Nh6 7. Nf3 Bg4 8. Be2 Nf5 9. Qd2 Nd7 10.
O-O-O Nb6 11. Kb1 Bxf3 12. Bxf3 Nc4 13. Qc1 Qb6 14. b3 Nxd4 15. Na4 Nb5 16. Nxb6 Nc3+ 17.
Ka1 axb6 18. a4 Nxe5 19. Bd2 Nxa4 20. Kb1 Nxf3 21. bxa4 Rxa4 22. c3 Ne5 23. Qc2 b5 24. Qb3 O-O 25. Kc2 Rfa8 26. Rb1 Nc4 27. Bc1 Ra2+ 28.
Bb2 Na3+ 29. Kd3 Nc4 30. Rhc1 R8a4 31. Re1 e5 32. f3 f5 33. Ke2 e4 34. Kf2 Nd2 35.
Qc2 Nxb1 36. Rxb1 b4 37. cxb4 Rxb4 38. Kg3 Rbxb2 39. Rxb2 Rxb2 40. Qa4 Be5+ 41. f4 Bg7 42. Qa8+ Kh7 43. Qe8 d4 44. Kh3 d3 45. g3 d2 46.
Qd7 e3 47. Qd3 c5 48. Qe2 Rb1 0-1

[Event "*** Qualifier 3: Titled Tuesday 3|2 Blitz"]
[Site "Chess.com"]
[Date "2017.04.18"]
[Round "7"]
[White "jcibarra"]
[Black "Fandorine"]
[Result "1-0"]
[WhiteElo "2673"]
[BlackElo "2693"]
[TimeControl "180+2"]
[EndTime "14:35:21 PDT"]
[Termination "jcibarra won on time"]

1. e4 c6 2. Nf3 d5 3. Nc3 Bg4 4. h3 Bxf3 5. Qxf3 e6 6. d3 Bc5 7.
Bd2 Nd7 8. g4 Ne7 9. O-O-O d4 10.
Ne2 e5 11. g5 a5 12. h4 Bb4 13. h5 Nc5 14. Bh3 Qd6 15. Ng3 Na4 16. Nf5 Nxf5 17.
Qxf5 Ba3 18. Qd7+ Qxd7 19. Bxd7+ Kxd7 20. bxa3 c5 21. f4 c4 22. dxc4 Rhc8 23. fxe5 Rxc4 24. Be3 Rac8 25. Rxd4+ Ke6 26. Rxc4 Rxc4 27. Kd2 Rxe4 28. Rb1 b6 29. Bxb6 Rxe5 30. Be3 Rd5+ 31. Kc1 Nc3 32. Rb6+ Kf5 33. Rc6 Rd1+ 34. Kb2 Ne4 35. Rc7 Ke6 36. Ra7 Rd5 37. Ra6+ Kf5 38. Ra7 Nd6 39. Kb3 Rb5+ 40. Ka4 Re5 41. Bd2 Nc4 42. Bxa5 Kxg5 43. Bc3 Re3 44.
Kb4 Nd6 45. Bd2 1-0

[Event "*** Qualifier 3: Titled Tuesday 3|2 Blitz"]
[Site "Chess.com"]
[Date "2017.04.18"]
[Round "7"]
[White "GMMarcinDziuba"]
[Black "djogrodek1"]
[Result "1-0"]
[WhiteElo "2542"]
[BlackElo "2412"]
[TimeControl "180+2"]
[EndTime "14:35:23 PDT"]
[Termination "GMMarcinDziuba won by resignation"]

1. d4 Nf6 2. c4 e6 3. g3 d5 4. Bg2 Be7 5. Nf3 O-O 6. O-O dxc4 7. Qc2 a6 8. Qxc4 b5 9. Qc2 Bb7 10. Bd2 Be4 11. Qc1 c6 12. Rd1 Nbd7 13. Nc3 Bg6 14. Nh4 Rc8 15. Nxg6 hxg6 16. Qb1 Qb6 17. Be1 Rfd8 18. a4 b4 19. a5 Qa7 20.
Na4 Qc7 21. Qc2 Nb8 22. Nb6 Nd5 23. Nxc8 Rxc8 24. e4 Nf6 25. Qc4 Nfd7 26. Bxb4 Bxb4 27. Qxb4 Nf6 28. Rac1 Qd7 29. h3 Rc7 30. Rc5 Rb7 31. Qc3 Qd8 32. b4 Nfd7 33. Rc4 Ne5 34. Rc5 Ned7 35.
Rxc6 Nxc6 36. Qxc6 Rxb4 37. Qxa6 Nc5 38. Qc6 Rxd4 39.
Rxd4 Qxd4 40. Qb6 Qc3 41. a6 Qe1+ 42. Bf1 Nxa6 43. Qxa6 Qxe4 44. Qc4 Qe5 45. Qb5 Qf6 46. h4 Kh7 47. Qg5 Qc3 48. Kg2 Qc6+ 49. Kg1 Qc3 50.
Qf4 Kg8 51. Kg2 Qc6+ 52. Qf3 Qd6 53. Be2 Qe5 54. Qe3 Qa5 55. Bf3 Qf5 56. Qe4 Qc5 57. Qc6 Qd4 58. Qe8+ Kh7 59. Qxf7 1-0

[Event "*** Qualifier 3: Titled Tuesday 3|2 Blitz"]
[Site "Chess.com"]
[Date "2017.04.18"]
[Round "7"]
[White "prochn"]
[Black "Alex_Molchanov"]
[Result "0-1"]
[WhiteElo "2175"]
[BlackElo "2434"]
[TimeControl "180+2"]
[EndTime "14:35:24 PDT"]
[Termination "Alex_Molchanov won by resignation"]

1. d4 Nf6 2. c4 e6 3. Nc3 Bb4 4.
Qc2 O-O 5. a3 Bxc3+ 6. Qxc3 b6 7. Nf3 Bb7 8. Bg5 h6 9. Bh4 d6 10. e3 g5 11. Bg3 Ne4 12. Qc2 Nd7 13. Bd3 f5 14. O-O-O Qf6 15. h4 g4 16. Ne1 Nxg3 17.
fxg3 Qg6 18. Rf1 Nf6 19. d5 Nh5 20. dxe6 Nxg3 21. Rf4 Rae8 22. Qf2 Ne4 23. Bxe4 Bxe4 24. Nc2 Qxe6 25. b3 Bxc2 26. Kxc2 Qxe3 27. Qf1 Re5 28.
Rd2 a5 29. Rdf2 a4 30. Rxg4+ Kh7 31. bxa4 Qxa3 32. Rgf4 Qxa4+ 33. Kb2 Qb4+ 34. Kc2 Ra8 35. Qb1 Qa4+ 36. Qb3 Qa2+ 37. Qb2 Qa4+ 38. Qb3 Qa1 39. Rxf5 Ra2+ 40. Kd3 Ra3 41. Rf7+ Kg6 42. h5+ Kxh5 43. g4+ Kg5 44. Rg7+ Kh4 45. Rh2+ Kg3 46. Kc2+ Rxb3 0-1

[Event "*** Qualifier 3: Titled Tuesday 3|2 Blitz"]
[Site "Chess.com"]
[Date "2017.04.18"]
[Round "7"]
[White "grzechu96"]
[Black "Blitzstream"]
[Result "0-1"]
[WhiteElo "2381"]
[BlackElo "2475"]
[TimeControl "180+2"]
[EndTime "14:35:30 PDT"]
[Termination "Blitzstream won by checkmate"]

1. e4 e6 2. d4 d5 3. Nc3 dxe4 4.
Nxe4 Bd7 5. Nf3 Bc6 6. Bd3 Nd7 7. Qe2 Ngf6 8. O-O Nxe4 9. Bxe4 Bxe4 10. Qxe4 c6 11.
Bg5 Be7 12. Bxe7 Qxe7 13. c3 O-O 14. Rad1 Rad8 15. Qe3 Rfe8 16. Rfe1 Qd6 17. Qe2 b5 18. a4 a6 19. axb5 axb5 20. Ra1 Ra8 21. Ne5 Nxe5 22. Qxe5 Qxe5 23. dxe5 Kf8 24. Kf1 Ke7 25. Red1 Red8 26. Ke2 f6 27. exf6+ gxf6 28. Rxd8 Rxa1 29. Rh8 Ra2 30.
Rxh7+ Kd6 31. h4 Rxb2+ 32. Ke3 Rc2 33. h5 Rxc3+ 34. Kf4 Rc4+ 35. Kg3 Rc1 36. Kh2 b4 37. Rb7 c5 38. h6 Ra1 39. g4 Ra8 40. f4 Kc6 41.
Re7 Kd6 42. Rf7 b3 43. g5 Rb8 44. h7 b2 45. Rb7 Rxb7 46. h8=Q b1=Q 47. Qd8+ Kc6 48.
Qc8+ Kb6 49. Qxe6+ Ka7 50. Qxf6 Rb2+ 51. Kg3 Qg1+ 52.
Kf3 Qg2+ 53. Ke3 Qe2# 0-1

[Event "*** Qualifier 3: Titled Tuesday 3|2 Blitz"]
[Site "Chess.com"]
[Date "2017.04.18"]
[Round "7"]
[White "mwpchess"]
[Black "pastouche06"]
[Result "1-0"]
[WhiteElo "2402"]
[BlackElo "2314"]
[TimeControl "180+2"]
[EndTime "14:35:37 PDT"]
[Termination "mwpchess won by checkmate"]

1. d4 Nf6 2. Nf3 d5 3. c3 e6 4. Bf4 c5 5. e3 Nc6 6. Nbd2 Bd6 7. Bg3 O-O 8. Bd3 b6 9. Ne5 Bb7 10. f4 Ne7 11. Qf3 Nf5 12. Bf2 Be7 13. g4 Nd6 14. g5 Nfe4 15. h4 Nxd2 16. Kxd2 Ne4+ 17. Ke2 Qc8 18.
Bxe4 dxe4 19. Qg2 cxd4 20. cxd4 Qc2+ 21. Kf1 Qxb2 22. Re1 Qxa2 23. h5 f6 24. Nd7 fxg5 25. Nxf8 Rxf8 26. Bg3 Qxg2+ 27. Kxg2 gxf4 28. Bxf4 a5 29. Rhf1 a4 30. Rb1 a3 31. Rxb6 Bd5 32. Ra1 Rc8 33. Kg3 h6 34. Ra6 Rc3 35. Ra7 Kf8 36. Rb1 a2 37. Rb8+ Kf7 38. Bd6 Kf6 39. Bxe7+ Kf5 40. Kf2 e5 41. dxe5 Rc2+ 42. Kg3 Re2 43.
Bc5 Rc2 44. Bd4 Rc1 45. Rf8+ Kg5 46. e6 Bxe6 47. Ra5+ Bf5 48. Raxf5# 1-0

[Event "*** Qualifier 3: Titled Tuesday 3|2 Blitz"]
[Site "Chess.com"]
[Date "2017.04.18"]
[Round "7"]
[White "BogdanDeac"]
[Black "olomi007"]
[Result "1-0"]
[WhiteElo "2538"]
[BlackElo "2481"]
[TimeControl "180+2"]
[EndTime "14:36:02 PDT"]
[Termination "BogdanDeac won by checkmate"]

1. d4 Nf6 2. Bf4 d6 3. Nc3 g6 4. e4 Bg7 5. Qd2 Nc6 6. Nf3 O-O 7. Be2 Bg4 8. d5 e5 9. Be3 Bxf3 10. gxf3 Nd4 11.
Bxd4 exd4 12. Qxd4 Nh5 13. Qb4 Nf4 14. Bd3 a5 15. Qc4 Qg5 16. Ne2 Bxb2 17. Rb1 Be5 18. Nxf4 Qxf4 19. Ke2 a4 20. Rxb7 a3 21. Qxc7 Rac8 22.
Qd7 Bc3 23. Rd1 Qxh2 24. Rb3 Bd4 25. Rf1 Bc5 26. Qg4 Qe5 27. f4 Qd4 28. c3 Qa4 29. f5 Rb8 30. fxg6 hxg6 31. Rfb1 Rxb3 32. Rxb3 Ra8 33. Rb7 Qe8 34. f4 Rb8 35. Rxb8 Qxb8 36. Bc4 Qb2+ 37. Kd3 Qb1+ 38. Kd2 Qb2+ 39. Kd3 Qf2 40. f5 Kg7 41. fxg6 fxg6 42. e5 Qe3+ 43. Kc2 Qxe5 44. Bd3 Qf6 45. Kb3 g5 46. Qh5 Kf8 47.
Bg6 Qe5 48. Qf3+ Ke7 49. Qf7+ Kd8 50. Bf5 Qe7 51. Qg8+ Kc7 52. Qc8+ Kb6 53. Bd7 Qe1 54.
Qc6+ Ka7 55. Qc7+ Ka6 56. Bc8+ Kb5 57. c4# 1-0

[Event "*** Qualifier 3: Titled Tuesday 3|2 Blitz"]
[Site "Chess.com"]
[Date "2017.04.18"]
[Round "7"]
[White "nurmiTV"]
[Black "VMikhalevski"]
[Result "1-0"]
[WhiteElo "2435"]
[BlackElo "2553"]
[TimeControl "180+2"]
[EndTime "14:36:07 PDT"]
[Termination "nurmiTV won by resignation"]

1. c4 e5 2. Nc3 Bb4 3. Nd5 Bc5 4. g3 c6 5. Nc3 d5 6. cxd5 cxd5 7. Bg2 Ne7 8. Qb3 d4 9. Qb5+ Nd7 10. Ne4 Qb6 11.
Qxb6 axb6 12. Nf3 f6 13. O-O Nc6 14. a3 Be7 15. d3 O-O 16. e3 f5 17. Ned2 dxe3 18.
fxe3 b5 19. Rd1 Bc5 20. Nb3 Bb6 21. d4 e4 22. Ng5 Nf6 23. h4 Bc7 24. Bf1 Bxg3 25.
Bxb5 Bxh4 26. Nh3 Ne7 27. Nf4 Kh8 28. Nc5 Ned5 29. Nce6 Bxe6 30. Nxe6 Rfc8 31. Nc5 b6 32. Nd7 Ng4 33. Bd2 Rc2 34. Rac1 Rac8 35. Ba4 Rxc1 36. Rxc1 Rxc1+ 37. Bxc1 Ngxe3 38. Bxe3 Nxe3 39. Nxb6 f4 40. d5 f3 41. Bb5 f2+ 42. Kh2 f1=Q 43. Bxf1 Nxf1+ 44.
Kh3 Bd8 45. Nc4 e3 46. Kg2 Nd2 47. Nxe3 Kg8 48. b4 Kf7 49. a4 Be7 50. b5 Bd8 51. Nf5 Nc4 52. Kf3 g6 53. Nd4 h5 54. Nc6 Bc7 55.
Ke4 h4 56. Kd4 h3 57. Kxc4 h2 58. a5 h1=Q 59. b6 Qf1+ 60. Kc5 Qc1+ 61. Kb5 Bd6 62. a6 Qc5+ 63. Ka4 Qxb6 64. a7 Qb7 65. Nd8+ Ke7 66. Nxb7 Be5 67. a8=Q g5 68. Qd8+ Kf7 69. Qxg5 Bf6 70.
Qf5 Kg7 71. Nd6 Be7 72. Qf7+ Kh8 73. Qxe7 Kg8 74. Nf5 1-0

[Event "*** Qualifier 3: Titled Tuesday 3|2 Blitz"]
[Site "Chess.com"]
[Date "2017.04.18"]
[Round "7"]
[White "MFBerna"]
[Black "Roachelley"]
[Result "0-1"]
[WhiteElo "2179"]
[BlackElo "2159"]
[TimeControl "180+2"]
[EndTime "14:36:16 PDT"]
[Termination "Roachelley won by checkmate"]

1. e4 c5 2. c3 Nf6 3. e5 Nd5 4. d4 cxd4 5. cxd4 Nc6 6. Nf3 d6 7. Bc4 Nb6 8. Bb5 dxe5 9. Nxe5 Bd7 10. Bxc6 Bxc6 11. Nxc6 bxc6 12. O-O e6 13. Qf3 Qd5 14.
Nd2 Bd6 15. Ne4 O-O 16. Be3 Nc4 17. Rfc1 Rab8 18. Rxc4 Qxc4 19. Nxd6 Qc2 20. Qg3 Rxb2 21. h4 Rxa2 22. Rxa2 Qxa2 23. h5 Qb1+ 24. Kh2 h6 25. Bxh6 Qh7 26. Bf4 Qxh5+ 27. Kg1 Rb8 28. f3 Rb1+ 29. Kf2 Qa5 30. Ke2 Qc3 31. Ne8 Qxd4 32.
Bd2 Rb2 33. Qg5 Kf8 34. Nc7 a5 35. Qe3 Qxe3+ 36. Kxe3 a4 37. Kd3 a3 38. Bc3 Rxg2 39. Bb4+ Kg8 40. Bxa3 Rg3 41. Ke4 Rg1 42. Bd6 Re1+ 43.
Kf4 Rd1 44. Bc5 Re1 45. Bd6 f6 46. Na6 g5+ 47. Kg3 Kf7 48. Nc5 Kg6 49. Kf2 Rd1 50.
Bc7 e5 51. Ne4 Rd7 52. Bb6 f5 53. Nc5 Rd5 54. Ke3 Kf6 55. Ba7 f4+ 56. Ke4 Rd4# 0-1

[Event "*** Qualifier 3: Titled Tuesday 3|2 Blitz"]
[Site "Chess.com"]
[Date "2017.04.18"]
[Round "7"]
[White "PowerThinking2650"]
[Black "dhanushbharadwaj"]
[Result "1/2-1/2"]
[WhiteElo "2239"]
[BlackElo "2426"]
[TimeControl "180+2"]
[EndTime "14:36:30 PDT"]
[Termination "Game drawn by repetition"]

1. e4 b6 2. d4 Bb7 3. f3 e6 4.
Bd3 d5 5. e5 c5 6. c3 cxd4 7.
cxd4 Nc6 8. Ne2 Bb4+ 9. Nbc3 Nge7 10. Be3 h6 11. O-O O-O 12. a3 Bxc3 13. Nxc3 a6 14.
Rc1 Rc8 15. g4 Na5 16. Bb1 Nc4 17. Bf2 Ng6 18. Qc2 Qg5 19. h4 Qf4 20. h5 Qxf3 21. hxg6 Qxg4+ 22. Kh2 f5 23. exf6 Rxf6 24. Bg3 Ne3 25. Qd3 Nxf1+ 26. Rxf1 Rcf8 27. Rxf6 Rxf6 28. Qe2 Qxe2+ 29. Nxe2 a5 30. Kg2 Ba6 31. Nf4 Bc8 32.
Bd3 Rf8 33. Nh5 Re8 34. Be5 Re7 35. Kg3 Bd7 36. b3 Be8 37. b4 axb4 38. axb4 b5 39. Kg4 Ra7 40. Kf4 Bc6 41. Ke3 Be8 42. Kd2 Ra2+ 43. Kc3 Ra3+ 44. Kd2 Ra7 45. Ke3 Ra3 46.
Ke2 Rxd3 47. Kxd3 Bxg6+ 48. Ke3 Bxh5 49. Kf4 Bf7 50. Bd6 g5+ 51. Ke5 Kh7 52. Kf6 Bg6 53. Be5 Be4 54. Bg3 Bd3 55. Be5 Bf5 56. Bg3 g4 57. Bh4 h5 58. Bg3 Kh6 59. Bf4+ Kh7 60. Bg3 Kg8 61. Kg5 Kf7 62. Kxh5 Ke7 63. Kg5 Kf7 64.
Be5 Kg8 65. Bg3 Kh7 66. Be5 Kg8 67. Bg3 Kf7 68. Bf4 Ke8 69. Bg3 Kd7 70. Bf4 Kc6 71. Be5 Kd7 72. Bg3 Ke8 73. Bf4 Kf7 74.
Bg3 Kg8 75. Bf4 Kh7 76. Bg3 Kg8 77. Bf4 g3 78. Bxg3 Kf7 79. Bf4 Ke8 80. Bg3 Kf7 81. Be5 Ke8 82. Kf6 Kd7 83. Bf4 Be4 84. Ke5 Bd3 85.
Bg5 Bc4 86. Bh4 Bd3 87. Bg5 Bf5 88. Bh4 Kc6 89. Bg5 Kd7 90. Bh4 Bd3 91. Bg3 Bc4 92. Bh4 Bb3 93. Bg5 Ba4 94. Bh4 Bd1 95. Bg5 Bf3 96. Bh4 Be4 97. Bg5 Bd3 98. Bh4 Be4 99. Bg5 Bd3 100. Bh4 Be4 101. Bg5 Bd3 102.
Bh4 Be4 103. Bg5 Bd3 104. Bh4 Be4 1/2-1/2

[Event "*** Qualifier 3: Titled Tuesday 3|2 Blitz"]
[Site "Chess.com"]
[Date "2017.04.18"]
[Round "7"]
[White "GianmarcoVaR"]
[Black "DiogenesSinopeus"]
[Result "1-0"]
[WhiteElo "2465"]
[BlackElo "2277"]
[TimeControl "180+2"]
[EndTime "14:37:01 PDT"]
[Termination "GianmarcoVaR won on time"]

1. d4 Nf6 2. c4 e6 3. g3 Bb4+ 4.
Bd2 c5 5. Bxb4 cxb4 6. Bg2 O-O 7. e4 d6 8. Ne2 Nc6 9. O-O Qb6 10. a3 e5 11. d5 Nb8 12. axb4 Qxb4 13. Qc2 Na6 14.
Na3 Bg4 15. Nc1 Nd7 16. Nb5 Rfc8 17. Na3 Qb6 18. h3 Nb4 19. Qd2 Bh5 20. b3 Nc5 21. Nb5 a5 22. Ra3 Rf8 23. Na2 Ncd3 24. Nxb4 Nxb4 25. Rfa1 f5 26. exf5 Be8 27. Nc3 Rxf5 28.
Na2 Nxa2 29. R1xa2 Bg6 30. Be4 Rf6 31. Bxg6 hxg6 32.
Kg2 Raf8 33. Qe1 Qd4 34. Re2 b6 35. Raa2 Qc5 36. Re3 Qd4 37. Rd2 Qc5 38. Qb1 Qb4 39. Qd3 Qc5 40. Rde2 Qb4 41. h4 Qc5 42. Qe4 Qc7 43.
Qg4 Qf7 44. f3 Qe7 45. f4 Qf7 46. fxe5 Rf2+ 47. Kh3 Rf1 48. Qe6 Qxe6+ 49. dxe6 dxe5 50. Rxe5 Re8 51. e7 Rf7 52. Kg4 Rf6 53. Re6 Kf7 54.
Rxf6+ gxf6 55. h5 gxh5+ 56. Kxh5 Rxe7 57. Rxe7+ Kxe7 58. Kg6 Ke6 59. g4 Ke7 60. Kg7 Ke6 61.
Kg6 Ke7 62. Kg7 Ke6 63. Kf8 f5 64. g5 f4 65. g6 1-0